 Dungeon Crawl Stone Soup version 0.29-a0-973-gac7da5f7f0 (webtiles) character file.

Game seed: 17356785190214038725

11460 sanka the Destroyer (level 11, -1/84 HPs)
             Began as a Gnoll Conjurer on July 31, 2022.
             Was an Initiate of Ashenzari.
             Slain by a fire crab (14 damage)
             ... in a volcano.
             The game lasted 00:35:00 (13595 turns).

sanka the Destroyer (Gnoll Conjurer)               Turns: 13595, Time: 00:35:01

Health: -1/84      AC:  7    Str:  6    XL:     11   Next: 78%
Magic:  20/33      EV: 14    Int: 28    God:    Ashenzari [......]
Gold:   96         SH:  5    Dex: 11    Spells: 14/28 levels left

rFire   . . .      SeeInvis .   a - +2 broad axe (drain)
rCold   . . .      Faith    .   (no shield)
rNeg    . . .      Spirit   .   p - +0 troll leather armour "Share My Ordeal" {Regen+, Pargi, Fort, Self} (curse)
rPois   .          Reflect  +   I - +0 helmet
rElec   .          Harm     .   K - +0 cloak
rCorr   .          Rampage  .   (no gloves)
Will    .....      Clarity  +   (no boots)
Stlth   +++.......              P - amulet of reflection
HPRegen 1.04/turn               R - ring of magical power
MPRegen 0.23/turn               S - +6 ring of intelligence

@: no status effects
A: fangs 1, strong nose, distributed training, clarity, sense surroundings 1
a: Renounce Religion, Shatter the Chains


You were in a volcano.
You worshipped Ashenzari.
Ashenzari was noncommittal.
You visited 3 branches of the dungeon, and saw 13 of its levels.
You also visited: Sewer and Volcano.

You collected 633 gold pieces.
You spent 537 gold pieces at shops.


Innate Abilities, Weirdness & Mutations

You have very sharp teeth.
Your uncanny sense of smell can sniff out nearby items.
Your experience applies equally to all skills.
You possess an exceptional clarity of mind.
You passively map a small area around you.


   Skills:
 + Level 6.8(7.3) Fighting
 + Level 6.8 Short Blades
 + Level 6.8 Long Blades
 + Level 6.8 Axes
 + Level 6.8 Maces & Flails
 + Level 6.8 Polearms
 + Level 6.8 Staves
 + Level 6.8 Ranged Weapons
 + Level 6.8 Throwing
 + Level 6.8(7.3) Armour
 + Level 8.3 Dodging
 + Level 8.1 Stealth
 + Level 6.8(7.3) Shields
 + Level 6.8 Unarmed Combat
 + Level 8.6(9.0) Spellcasting
 + Level 9.2 Conjurations
 + Level 5.7 Hexes
 + Level 5.7 Summonings
 + Level 5.7 Necromancy
 + Level 5.7 Translocations
 + Level 5.7 Transmutations
 + Level 5.7 Fire Magic
 + Level 5.7 Ice Magic
 + Level 5.7 Air Magic
 + Level 5.7 Earth Magic
 + Level 5.7 Poison Magic
 + Level 7.5 Invocations
 + Level 6.8 Evocations


You had 14 spell levels left.
You knew the following spells:

 Your Spells              Type           Power      Damage    Failure   Level
s - Swiftness             Air            44%        N/A       1%          3
x - Searing Ray           Conj           100%       2d8       1%          2
y - Poisonous Vapours     Pois/Air       88%        N/A       1%          2
z - Magic Dart            Conj           100%       1d8       1%          1
N - Passwall              Tmut/Erth      36%        N/A       1%          2
Z - Fulminant Prism       Conj/Hex       26%        3d14      3%          4

Your spell library contained the following spells:

 Spells                   Type           Power      Damage    Failure   Level
 Ensorcelled Hibernation  Hex/Ice        88%        N/A       1%          2
 Static Discharge         Conj/Air       53%        3-10/arc  1%          2
 Dazzling Flash           Conj/Hex       100%       N/A       1%          3
 Spider Form              Tmut/Pois      44%        N/A       1%          3
 Iskenderun's Mystic Bla  Conj/Tloc      53%        2d11      3%          4
 Anguish                  Hex/Necr       22%        N/A       6%          4
 Corpse Rot               Necr/Pois/Air  44%        N/A       6%          4
 Lightning Bolt           Conj/Air       26%        1d42      9%          5
 Maxwell's Capacitive Co  Air            22%        ∞         100%        8

Inventory:

Hand Weapons
 a - a +2 broad axe of draining (weapon)
 q - a +0 halberd
 v - a +0 dagger of electrocution
 O - a +0 dagger of venom
Missiles
 d - 8 poisoned darts
 x - a throwing net {=f}
 N - a curare-tipped dart {=f}
Armour
 p - the cursed +0 troll leather armour "Share My Ordeal" (worn) {Regen+, Pargi, Fort, Self}

   Regen:     It increases your rate of health regeneration.
   It has a curse which improves the following skills: Fortitude: Armour and
   Shields.
   Introspection: Fighting and Spellcasting.
 I - a +0 helmet (worn)
 K - a +0 cloak (worn)
Magical Staves
 b - a staff of conjuration {!a}
Jewellery
 P - an amulet of reflection (around neck)
 R - a ring of magical power (left hand)
 S - a +6 ring of intelligence (right hand)
Wands
 y - a wand of digging (9)
 E - a wand of flame (36)
 M - a wand of mindburst (5)
 Q - a wand of paralysis (4)
Scrolls
 c - a scroll of noise {unknown}
 e - a scroll of summoning {unknown}
 f - 10 scrolls of identify {unknown}
 g - 2 scrolls of amnesia {unknown}
 j - 4 scrolls of blinking {unknown}
 l - 3 scrolls of butterflies {unknown}
 n - 4 scrolls of teleportation {unknown}
 o - 2 scrolls of magic mapping {unknown}
 r - a scroll of enchant weapon {unknown}
 F - a scroll of brand weapon {unknown}
 H - 2 scrolls of poison {unknown}
 L - a scroll of immolation {unknown}
Potions
 h - 3 potions of mutation {!q}
 i - 4 potions of curing {@q1}
 k - 4 potions of cancellation {unknown}
 m - a potion of magic
 s - a potion of heal wounds {@q2}
 w - a potion of attraction {unknown}
 z - 2 potions of brilliance
 A - a potion of lignification {unknown}
 B - 2 potions of degeneration {unknown}
 C - a potion of resistance {unknown}
 D - 2 potions of might {unknown}
 G - 3 potions of flight {unknown}
 J - a potion of ambrosia {unknown}

Dungeon Overview and Level Annotations

Branches:
Dungeon (10/15)            Temple (1/1) D:4            Lair (2/5) D:9
    Orc (0/2) D:9           Sewer (visited)         Volcano (1/1)
  Swamp: Lair:2-3    Shoals: Lair:2-3     Snake: Lair:2-3    Spider: Lair:2-3

Altars:
Ashenzari
Cheibriados
Dithmenos
Elyvilon
Fedhas
Gozag
Hepliaklqana
Kikubaaqudgha
Makhleb
Nemelex Xobeh
Okawaru
Qazlal
Ru
Sif Muna
Trog
Uskayaw
Vehumet
Wu Jian
Xom
Yredelemnul
Zin
The Shining One

Shops:
D:2 !*(   D:5 *

Annotations:
D:10 Amaemon

≈≈≈°°≈≈≈≈≈#≈##≈≈≈≈≈≈#≈≈###≈###≈≈#
≈≈#☼☼≈≈≈###≈#≈≈≈≈##≈≈≈≈≈##≈#≈≈##≈
≈≈#°≈≈≈≈≈≈≈≈≈≈≈≈≈##≈##≈≈##≈##≈≈≈≈
≈≈≈#≈≈#≈#≈####≈#≈≈≈# ≈ #≈≈≈≈#≈≈
#≈##≈≈#≈######≈≈###≈≈ ≈ ≈≈#####
≈#≈## ≈ ≈ ≈ ≈ ≈ ≈ ≈≈≈≈ , , ,, ≈≈
≈≈ ▒▒▒▒▒▒▒▒▒▒▒▒ ░ ░ ▒...tg.....+
, ≈ ▒.*..▒.8_8.▒, ∩, ≈
▒....▒.....▒, , ≈ ▒▒▒++▒▒▒'▒▒▒ +░
▒ #≈≈≈ ≈ ≈ ,,, ,▒.▒ , , ▒###≈≈ ≈
░░░ ▒.▒,░ ░ ▒.#≈≈≈ ∆∆∆ ▒.▒ ∆∆∆
▒##≈≈≈ ∆∆∆ ,▒†▒, ∆∆∆,▒.≈#≈# ≈ ∆∆
▒.▒ ∆∆ ▒..≈##


You could see a fire crab (ally target) and a friendly fulminant prism.


Message History

Your fulminant prism explodes!
The blast of energy engulfs the fire crab!!
The fire crab is severely wounded.
Unknown command.
The searing ray hits the fire crab but does no damage.
The fire crab is severely wounded.
The fire crab bites you!
You are engulfed in flames!
The fire crab claws you!
* * * LOW HITPOINT WARNING * * *
You are engulfed in flames!
* * * LOW HITPOINT WARNING * * *
Aiming: Fulminant Prism (dangerous; 3% risk of failure)
You conjure a prism of explosive energy!
A fulminant prism comes into view.
You block the fire crab's attack. The fire crab closely misses you.
Aiming: Searing Ray (safe; 1% risk of failure)
Aim: a fulminant prism (friendly, 100% to hit)
Really fire at your fulminant prism?
Okay, then.
Aiming: Searing Ray (safe; 1% risk of failure)
Aim: a fire crab (severely wounded, ally target, 92% to hit)
The searing ray hits the fire crab.
The fire crab is severely wounded. (Press . to maintain the ray.)
The fire crab bites you!
* * * LOW HITPOINT WARNING * * *
You are engulfed in flames!
You die...

Action                   |  1- 3 |  4- 6 |  7- 9 | 10-12 || total
-------------------------+-------+-------+-------+-------++-------
Melee: Unarmed           |    15 |       |       |       ||    15
       Bite              |     3 |     4 |     8 |    20 ||    35
       Punch             |     1 |       |     1 |    11 ||    13
       Dagger            |       |    55 |   120 |   134 ||   309
       Broad axe         |       |       |       |    13 ||    13
 Cast: Magic Dart        |    94 |    34 |    96 |    91 ||   315
       Searing Ray       |       |    12 |    38 |    43 ||    93
       Poisonous Vapours |       |       |    10 |    24 ||    34
       Fulminant Prism   |       |       |       |    56 ||    56
Invok: Curse Item        |       |       |       |     1 ||     1
Evoke: Wand              |       |       |       |     7 ||     7
  Use: Potion            |       |       |     3 |     4 ||     7
Armor: Robe              |     2 |     9 |       |       ||    11
       Troll leather arm |       |     4 |    32 |    85 ||   121
Dodge: Dodged            |     7 |    59 |   119 |   187 ||   372
Block: Other             |       |       |       |    17 ||    17

Levels and vault maps discovered:
D:1:      lightli_arrival_farm, layout_basic, shapermc_ecumenical_altar_gd
D:2:      minmay_evil_eye, layout_basic, serial_shops, shop, shop,
          nicolae_square_shop, grunt_ministairs_10
D:3:      layout_rooms, lemuel_crystal_altar, portal_sewer_entry_f,
          chequers_serial_rivers_micro_c, uniq_natasha
D:4:      layout_basic, mainiacjoe_overflow_24_doors,
          mainiacjoe_overflow_alcove_1, temple_hall
D:5:      layout_cave_pools, mainiacjoe_overflow_cross_hatched, serial_shops,
          nicolae_shop_advertising_works [nicolae_subvault_shop_adworks]
D:6:      layout_gridville, worldfamousw_hep_ancestral_shrine,
          dk_noncrumbling_2, uniq_pikel
D:7:      layout_loops_ring, lemuel_doored_altar, mainiacjoe_overflow_chevrons
D:8:      layout_loops_ring, serial_ice, serial_ice_d, serial_ice_i,
          serial_ice_e, serial_ice_a, glass_columns_c, uniq_joseph
D:9:      layout_long_grid, david_lair_shrubbed, hiddenorc2_lemuel,
          dreamdust_mushroom_princess, uniq_maggie
D:10:     layout_rooms, old_standard_altar, mainiacjoe_overflow_boulevard,
          grunt_temple_overflow_open, kennysheep_generic_room_13, uniq_amaemon
Temple:   nicolae_temple_ecumenical_triangle
Lair:1:   layout_gridlike
Lair:2:   layout_regular_city, nicolae_volcano_entry_batcave
Volcano:  volcano_lake [vl_original]

Notes
Turn   | Place    | Note
-------+----------+-------------------------------------------
     0 | D:1      | sanka the Gnoll Conjurer began the quest for the Orb.
     0 | D:1      | Reached XP level 1. HP: 13/13 MP: 6/6
   278 | D:1      | Reached XP level 2. HP: 16/19 MP: 3/7
   462 | D:1      | Found a faded altar of an unknown god.
  1112 | D:1      | Learned a level 2 spell: Searing Ray
  1238 | D:2      | Reached skill level 5 in Spellcasting
  1238 | D:2      | Reached XP level 3. HP: 25/25 MP: 4/9
  1311 | D:2      | Found Futur's Assorted Antiques.
  1481 | D:2      | Found Ikome's Distillery.
  1485 | D:2      | Reached skill level 1 in Invocations
  1665 | D:2      | Reached skill level 1 in Fighting
  1665 | D:2      | Reached skill level 1 in Short Blades
  1665 | D:2      | Reached skill level 1 in Long Blades
  1665 | D:2      | Reached skill level 1 in Axes
  1665 | D:2      | Reached skill level 1 in Maces & Flails
  1665 | D:2      | Reached skill level 1 in Polearms
  1665 | D:2      | Reached skill level 1 in Staves
  1665 | D:2      | Reached skill level 1 in Ranged Weapons
  1665 | D:2      | Reached skill level 1 in Throwing
  1665 | D:2      | Reached skill level 1 in Armour
  1665 | D:2      | Reached skill level 1 in Shields
  1665 | D:2      | Reached skill level 1 in Unarmed Combat
  1665 | D:2      | Reached skill level 1 in Evocations
  1888 | D:2      | Found Soon's Weapon Shoppe.
  2041 | D:2      | Reached XP level 4. HP: 32/32 MP: 2/11
  2230 | D:3      | Found a sparkling altar of Nemelex Xobeh.
  2254 | D:3      | Reached skill level 1 in Hexes
  2254 | D:3      | Reached skill level 1 in Summonings
  2254 | D:3      | Reached skill level 1 in Necromancy
  2254 | D:3      | Reached skill level 1 in Translocations
  2254 | D:3      | Reached skill level 1 in Transmutations
  2254 | D:3      | Reached skill level 1 in Fire Magic
  2254 | D:3      | Reached skill level 1 in Ice Magic
  2254 | D:3      | Reached skill level 1 in Air Magic
  2254 | D:3      | Reached skill level 1 in Earth Magic
  2254 | D:3      | Reached skill level 1 in Poison Magic
  2256 | D:3      | Reached XP level 5. HP: 27/37 MP: 3/12
  2272 | D:3      | Noticed Natasha
  2368 | D:3      | Killed Natasha
  2384 | D:3      | Noticed Natasha
  2397 | D:3      | Killed Natasha
  2505 | D:3      | Found a glowing drain.
  2705 | D:3      | Reached skill level 2 in Invocations
  2706 | Sewer    | Entered a sewer
  2787 | Sewer    | Noticed Pargi
  2805 | Sewer    | Killed Pargi
  2806 | Sewer    | Reached skill level 2 in Fighting
  2806 | Sewer    | Reached skill level 2 in Short Blades
  2806 | Sewer    | Reached skill level 2 in Long Blades
  2806 | Sewer    | Reached skill level 2 in Axes
  2806 | Sewer    | Reached skill level 2 in Maces & Flails
  2806 | Sewer    | Reached skill level 2 in Polearms
  2806 | Sewer    | Reached skill level 2 in Staves
  2806 | Sewer    | Reached skill level 2 in Ranged Weapons
  2806 | Sewer    | Reached skill level 2 in Throwing
  2806 | Sewer    | Reached skill level 2 in Armour
  2806 | Sewer    | Reached skill level 5 in Dodging
  2806 | Sewer    | Reached skill level 2 in Shields
  2806 | Sewer    | Reached skill level 2 in Unarmed Combat
  2806 | Sewer    | Reached skill level 2 in Evocations
  2806 | Sewer    | Reached XP level 6. HP: 17/44 MP: 0/14
  3308 | D:3      | Noticed Natasha
  3311 | D:3      | Killed Natasha
  3719 | D:4      | Found a blossoming altar of Fedhas.
  3749 | D:4      | Reached XP level 7. HP: 34/50 MP: 2/15
  3950 | D:4      | Found a white marble altar of Elyvilon.
  4061 | D:4      | Found a staircase to the Ecumenical Temple.
  4070 | Temple   | Entered the Ecumenical Temple
  4190 | D:4      | Reached skill level 2 in Hexes
  4190 | D:4      | Reached skill level 2 in Summonings
  4190 | D:4      | Reached skill level 2 in Necromancy
  4190 | D:4      | Reached skill level 2 in Translocations
  4190 | D:4      | Reached skill level 2 in Transmutations
  4190 | D:4      | Reached skill level 2 in Fire Magic
  4190 | D:4      | Reached skill level 2 in Ice Magic
  4190 | D:4      | Reached skill level 2 in Air Magic
  4190 | D:4      | Reached skill level 2 in Earth Magic
  4190 | D:4      | Reached skill level 2 in Poison Magic
  4367 | D:5      | Entered Level 5 of the Dungeon
  4386 | D:5      | Found Ozowoquj's Assorted Antiques.
  4391 | D:5      | Learned a level 2 spell: Passwall
  4408 | D:5      | Learned a level 3 spell: Swiftness
  4474 | D:5      | Reached skill level 5 in Stealth
  4498 | D:5      | Reached skill level 3 in Invocations
  4582 | D:5      | Reached skill level 3 in Fighting
  4582 | D:5      | Reached skill level 3 in Short Blades
  4582 | D:5      | Reached skill level 3 in Long Blades
  4582 | D:5      | Reached skill level 3 in Axes
  4582 | D:5      | Reached skill level 3 in Maces & Flails
  4582 | D:5      | Reached skill level 3 in Polearms
  4582 | D:5      | Reached skill level 3 in Staves
  4582 | D:5      | Reached skill level 3 in Ranged Weapons
  4582 | D:5      | Reached skill level 3 in Throwing
  4582 | D:5      | Reached skill level 3 in Armour
  4582 | D:5      | Reached skill level 3 in Shields
  4582 | D:5      | Reached skill level 3 in Unarmed Combat
  4582 | D:5      | Reached skill level 3 in Evocations
  4582 | D:5      | Reached XP level 8. HP: 57/58 MP: 3/16
  4800 | D:5      | Reached skill level 6 in Spellcasting
  5058 | D:5      | Found a snail-covered altar of Cheibriados.
  5347 | D:6      | Noticed Pikel
  5410 | D:6      | Killed Pikel
  5411 | D:6      | Reached skill level 6 in Dodging
  5411 | D:6      | Reached skill level 3 in Hexes
  5411 | D:6      | Reached skill level 3 in Summonings
  5411 | D:6      | Reached skill level 3 in Necromancy
  5411 | D:6      | Reached skill level 3 in Translocations
  5411 | D:6      | Reached skill level 3 in Transmutations
  5411 | D:6      | Reached skill level 3 in Fire Magic
  5411 | D:6      | Reached skill level 3 in Ice Magic
  5411 | D:6      | Reached skill level 3 in Air Magic
  5411 | D:6      | Reached skill level 3 in Earth Magic
  5411 | D:6      | Reached skill level 3 in Poison Magic
  5411 | D:6      | Reached skill level 4 in Invocations
  6197 | D:6      | Reached XP level 9. HP: 65/65 MP: 15/18
  6259 | D:6      | Found a hazy altar of Hepliaklqana.
  6324 | D:7      | Found an ornate altar of the Wu Jian Council.
  6347 | D:7      | Reached skill level 4 in Fighting
  6347 | D:7      | Reached skill level 4 in Short Blades
  6347 | D:7      | Reached skill level 4 in Long Blades
  6347 | D:7      | Reached skill level 4 in Axes
  6347 | D:7      | Reached skill level 4 in Maces & Flails
  6347 | D:7      | Reached skill level 4 in Polearms
  6347 | D:7      | Reached skill level 4 in Staves
  6347 | D:7      | Reached skill level 4 in Ranged Weapons
  6347 | D:7      | Reached skill level 4 in Throwing
  6347 | D:7      | Reached skill level 4 in Armour
  6347 | D:7      | Reached skill level 4 in Shields
  6347 | D:7      | Reached skill level 4 in Unarmed Combat
  6347 | D:7      | Reached skill level 4 in Evocations
  6591 | D:7      | Reached skill level 6 in Stealth
  6591 | D:7      | Reached skill level 8 in Conjurations
  6934 | D:7      | HP: 5/65 [poisoned by a killer bee]
  6935 | D:7      | Gained mutation: You possess an exceptional clarity of
                  | mind. [potion of mutation]
  6935 | D:7      | Gained mutation: You passively map a small area around you.
                  | [potion of mutation]
  6935 | D:7      | HP: 2/65 [killer bee (2)]
  7066 | D:7      | Found a shimmering blue altar of Sif Muna.
  7286 | D:8      | Noticed a polar bear
  7296 | D:8      | Killed a polar bear
  7297 | D:8      | Reached skill level 5 in Invocations
  7415 | D:8      | Noticed a polar bear
  7430 | D:8      | Killed a polar bear
  7431 | D:8      | Reached skill level 7 in Spellcasting
  7539 | D:8      | Noticed Joseph
  7559 | D:7      | Learned a level 4 spell: Fulminant Prism
  7562 | D:7      | Learned a level 2 spell: Poisonous Vapours
  7583 | D:8      | Reached skill level 4 in Hexes
  7583 | D:8      | Reached skill level 4 in Summonings
  7583 | D:8      | Reached skill level 4 in Necromancy
  7583 | D:8      | Reached skill level 4 in Translocations
  7583 | D:8      | Reached skill level 4 in Transmutations
  7583 | D:8      | Reached skill level 4 in Fire Magic
  7583 | D:8      | Reached skill level 4 in Ice Magic
  7583 | D:8      | Reached skill level 4 in Air Magic
  7583 | D:8      | Reached skill level 4 in Earth Magic
  7583 | D:8      | Reached skill level 4 in Poison Magic
  7722 | D:7      | Reached skill level 5 in Fighting
  7722 | D:7      | Reached skill level 5 in Short Blades
  7722 | D:7      | Reached skill level 5 in Long Blades
  7722 | D:7      | Reached skill level 5 in Axes
  7722 | D:7      | Reached skill level 5 in Maces & Flails
  7722 | D:7      | Reached skill level 5 in Polearms
  7722 | D:7      | Reached skill level 5 in Staves
  7722 | D:7      | Reached skill level 5 in Ranged Weapons
  7722 | D:7      | Reached skill level 5 in Throwing
  7722 | D:7      | Reached skill level 5 in Armour
  7722 | D:7      | Reached skill level 5 in Shields
  7722 | D:7      | Reached skill level 5 in Unarmed Combat
  7722 | D:7      | Reached skill level 5 in Evocations
  7722 | D:7      | Reached XP level 10. HP: 15/74 MP: 3/20
  7928 | D:8      | HP: 1/74 [Joseph/+0 quarterstaff (13)]
  7929 | D:8      | Killed Joseph
  7930 | D:8      | Reached skill level 7 in Dodging
  9203 | D:8      | Reached skill level 6 in Invocations
  9358 | D:9      | Reached skill level 7 in Stealth
  9433 | D:9      | Found a staircase to the Orcish Mines.
  9612 | D:9      | Identified +0 swamp dragon scales
  9612 | D:9      | Noticed Maggie
  9623 | D:9      | Killed Maggie
  9624 | D:9      | Noticed a two-headed ogre
  9898 | D:9      | Killed a two-headed ogre
 10340 | D:9      | Found a staircase to the Lair.
 10375 | D:9      | Reached skill level 6 in Fighting
 10375 | D:9      | Reached skill level 6 in Short Blades
 10375 | D:9      | Reached skill level 6 in Long Blades
 10375 | D:9      | Reached skill level 6 in Axes
 10375 | D:9      | Reached skill level 6 in Maces & Flails
 10375 | D:9      | Reached skill level 6 in Polearms
 10375 | D:9      | Reached skill level 6 in Staves
 10375 | D:9      | Reached skill level 6 in Ranged Weapons
 10375 | D:9      | Reached skill level 6 in Throwing
 10375 | D:9      | Reached skill level 6 in Armour
 10375 | D:9      | Reached skill level 6 in Shields
 10375 | D:9      | Reached skill level 6 in Unarmed Combat
 10375 | D:9      | Reached skill level 6 in Evocations
 10496 | D:9      | Noticed a two-headed ogre
 10498 | D:9      | Reached skill level 5 in Hexes
 10498 | D:9      | Reached skill level 5 in Summonings
 10498 | D:9      | Reached skill level 5 in Necromancy
 10498 | D:9      | Reached skill level 5 in Translocations
 10498 | D:9      | Reached skill level 5 in Transmutations
 10498 | D:9      | Reached skill level 5 in Fire Magic
 10498 | D:9      | Reached skill level 5 in Ice Magic
 10498 | D:9      | Reached skill level 5 in Air Magic
 10498 | D:9      | Reached skill level 5 in Earth Magic
 10498 | D:9      | Reached skill level 5 in Poison Magic
 10519 | D:9      | Killed a two-headed ogre
 10520 | D:9      | Reached skill level 8 in Spellcasting
 10520 | D:9      | Reached XP level 11. HP: 71/81 MP: 4/23
 11577 | D:10     | Entered Level 10 of the Dungeon
 11583 | D:10     | Noticed a five-headed hydra
 11588 | D:10     | Killed a five-headed hydra
 11589 | D:10     | Reached skill level 9 in Conjurations
 11589 | D:10     | Reached skill level 7 in Invocations
 11714 | D:10     | Found a broken altar of Ashenzari.
 11723 | D:10     | Found a bloodstained altar of Trog.
 11727 | D:10     | Found a glowing silver altar of Zin.
 11765 | D:10     | Became a worshipper of Ashenzari the Shackled
 11781 | D:10     | Found an ancient bone altar of Kikubaaqudgha.
 11835 | D:10     | Reached skill level 8 in Dodging
 11885 | D:10     | Found an opulent altar of Gozag.
 12227 | D:10     | Noticed a two-headed ogre
 12244 | D:10     | Killed a two-headed ogre
 12291 | D:10     | Noticed Amaemon
 12509 | D:2      | Bought a scratched ivory ring for 85 gold pieces
 12581 | D:5      | Bought a bone ring for 130 gold pieces
 12641 | D:2      | Bought a potion of heal wounds for 70 gold pieces
 12641 | D:2      | Bought a potion of heal wounds for 70 gold pieces
 12641 | D:2      | Bought a potion of curing for 42 gold pieces
 12641 | D:2      | Bought a potion of curing for 42 gold pieces
 12641 | D:2      | Bought a potion of curing for 42 gold pieces
 12641 | D:2      | Bought a potion of brilliance for 56 gold pieces
 12810 | Lair:1   | Entered Level 1 of the Lair of Beasts
 12962 | Lair:2   | Found a dark tunnel.
 13008 | Volcano  | Entered a volcano
 13189 | Volcano  | Reached skill level 8 in Stealth
 13479 | Volcano  | Found a burning altar of Makhleb.
 13479 | Volcano  | Noticed a lindwurm
 13490 | Volcano  | HP: 8/84 [lindwurm (4)]
 13490 | Volcano  | HP: 1/84 [lindwurm (7)]
 13493 | Volcano  | Killed a lindwurm
 13503 | Volcano  | HP: 1/84 [hell hound/blast of flame (17)]
 13589 | Volcano  | Noticed a fire crab
 13595 | Volcano  | Slain by a fire crab

Vanquished Creatures
  A hydra (D:10)
  3 two-headed ogres
  Pikel (D:6)
  A lindwurm (Volcano)
  Joseph (D:8)
  An orange demon (D:10)
  Maggie (D:9)
  A komodo dragon (D:9)
  2 polar bears (D:8)
  A shadow (D:10)
  A wraith (D:9)
  3 wyverns
  8 fire bats
  4 yaks
  An unseen horror simulacrum (D:8)
  A steam dragon (Volcano)
  An acid dragon (D:10)
  2 water moccasins
  A hell hound (Volcano)
  Pargi (Sewer)
  4 ice beasts
  2 orc warriors
  2 black bears
  2 centaurs
  A kobold brigand (D:9)
  3 lemures (D:6)
  A bullfrog (D:7)
  4 scorpions
  6 wights
  12 killer bees
  4 howler monkeys
  7 lava snakes (Volcano)
  A hound (D:5)
  A jelly (D:7)
  6 orc priests
  A gnoll bouda (D:8)
  2 iguanas (D:6)
  Natasha (thrice) (D:3)
  11 orc wizards
  11 gnolls
  6 adders
  4 white imps (D:8)
  3 worms (D:2)
  5 dart slugs
  59 orcs
  6 bats
  3 endoplasms
  7 giant cockroaches
  8 goblins
  6 hobgoblins
  7 jackals
  4 quokkas
  5 ball pythons
  4 frilled lizards
  12 kobolds
  6 rats
265 creatures vanquished.

Vanquished Creatures (others)
  5 demonic plants (D:1)
  55 fulminant prisms
  4 fungi
  42 plants
106 creatures vanquished.

Grand Total: 371 creatures vanquished
